 Dungeon Crawl Stone Soup version 0.22-a0-395-gfed312b (webtiles) character file.

11566 KristoblXynda the Covert (level 11, -8/47 HPs)
             Began as a Spriggan Enchanter on May 3, 2018.
             Was a Priest of Ashenzari.
             Killed from afar by an orc wizard (11 damage)
             ... with a puff of flame
             ... on level 11 of the Dungeon.
             The game lasted 00:35:48 (16016 turns).

KristoblXynda the Covert (Spriggan Enchanter)      Turns: 16016, Time: 00:35:49

Health: -8/47      AC:  4    Str:  5    XL:     11   Next: 51%
Magic:  26/27      EV: 23    Int: 19    God:    Ashenzari [***...]
Gold:   539        SH:  0    Dex: 17    Spells: 25/33 levels left

rFire    . . .     SeeInvis +   s - +2 dagger (venom) (curse)
rCold    . . .     Gourm    .   (shield restricted)
rNeg     . . .     Faith    .   z - +0 troll leather armour
rPois    .         Spirit   .   (helmet restricted)
rElec    .         Reflect  .   (no cloak)
rCorr    .         Harm     .   (gloves unavailable)
MR       +....                  (boots unavailable)
Stlth    ++++++....             (no amulet)
HPRegen  0.55/turn              (no ring)
MPRegen  0.20/turn              (no ring)

@: about to teleport, very quick
A: very small, unfitting armour, see invisible, herbivore, speed 3, slow
metabolism 2
a: Curse Item, Scrying, Renounce Religion


You were on level 11 of the Dungeon.
You worshipped Ashenzari.
Ashenzari was most pleased with you.
You were not hungry.

You visited 2 branches of the dungeon, and saw 12 of its levels.

You collected 539 gold pieces.

Inventory:

Hand Weapons
 a - a +2 dagger
 k - the +7 Singing Sword
   (You found it on level 5 of the Dungeon)
 s - a cursed +2 dagger of venom (weapon)
Armour
 b - a +0 robe
 z - a +0 troll leather armour (worn)
Wands
 n - a wand of random effects (11)
 v - a wand of digging (17)
 A - a wand of acid (24)
 C - a wand of clouds (3)
Scrolls
 f - 4 scrolls of remove curse
 p - a scroll of enchant weapon
 q - a scroll of blinking
 w - a scroll of immolation
 y - a scroll of magic mapping
 B - 4 scrolls of fear
Potions
 e - 3 potions of magic
 g - 3 potions of might
 h - 4 potions of invisibility
 i - 5 potions of haste
 j - a potion of cancellation
 l - 3 potions of curing
 m - a potion of flight
 o - 3 potions of berserk rage
 r - 3 potions of agility {unknown}
 t - a potion of brilliance {unknown}
 u - 2 potions of heal wounds
 x - a potion of ambrosia
Comestibles
 d - 13 rations


   Skills:
 - Level 5.0(7.9) Short Blades
 + Level 8.8 Dodging
 + Level 14.5 Stealth
 + Level 11.5 Spellcasting
 + Level 11.7 Hexes
 - Level 5.0 Evocations


You had 25 spell levels left.
You knew the following spells:

 Your Spells              Type           Power        Failure   Level  Hunger
b - Ensorcelled Hibernat  Hex/Ice        ####..       1%          2    None
c - Confuse               Hex            ######..     1%          3    None
d - Dazzling Spray        Conj/Hex       ####..       3%          3    None


Dungeon Overview and Level Annotations

Branches:
Dungeon (11/15)            Temple (1/1) D:6            Lair (0/6) D:11
    Orc: D:9-12

Altars:
Ashenzari
Cheibriados
Dithmenos
Elyvilon
Fedhas
Gozag
Hepliaklqana
Kikubaaqudgha
Makhleb
Nemelex Xobeh
Okawaru
Qazlal
Ru
Sif Muna
Trog
Uskayaw
Vehumet
Wu Jian
Xom
Yredelemnul
Zin
The Shining One

Annotations:
D:2 2 transporters
D:3 Grinder


Innate Abilities, Weirdness & Mutations

You are very small and have problems with some larger weapons.
You are too small for most types of armour.
You have supernaturally acute eyesight. (SInv)
You are a herbivore.
You cover ground extremely quickly.
You need to consume almost no food.


Message History

Aiming: Ensorcelled Hibernation (safe; 1% risk of failure)
Press: ? - help, Shift-Dir - straight line, f - troll
Aim: a troll (chance to defeat MR: 62%)
Okay, then.
An orc wizard comes into view.
It is wielding a dagger. 2 orcs come into view.
The orc wizard shouts!
The orc shouts!
The orc throws a tomahawk.
The tomahawk misses you.
The orc wizard gestures at you while chanting.
The magic dart hits you!
* * * LOW HITPOINT WARNING * * *
The orc throws a tomahawk.
The tomahawk closely misses you.
As you read the scroll of teleportation, it crumbles to dust.
You feel strangely unstable.
The orc wizard hits you but does no damage.
You hit the orc.
The orc is poisoned.
The orc is heavily wounded.
The orc wizard gestures at you while chanting.
The puff of flame hits you!
You die...

≈≈≈≈≈≈......t###Y...
#≈≈≈≈Z≈≈.......#######*
#≈≈≈≈≈≈≈..s...{.......
#≈≈≈≈≈≈≈≈≈####.{......
#≈≈≈≈≈≈≈≈≈# #........
#≈≈≈≈≈o≈≈####........
#≈...o.....t########
#...o...(r.#
#..o@Tr....#
############ * , * , *
,,


You could see a troll, a crocodile, a scorpion, 2 porcupines, an orc wizard, 3
orcs and a howler monkey skeleton.

Vanquished Creatures
  Erica (D:8)
  3 two-headed ogres
  The ghost of galech the Fighter, a novice GnWn of Okawaru (D:7)
  A death yak (D:8)
  The ghost of Tovarisch the Destroyer, a novice OpWz of Vehumet (D:8)
  Pikel (D:5)
  Psyche (D:8)
  An efreet (D:11)
  2 trolls (D:10)
  2 polar bears (D:8)
  A hippogriff (D:8)
  2 wyverns
  Sigmund (D:3)
  A yak (D:8)
  Grum (D:10)
  A basilisk (D:11)
  A water moccasin (D:10)
  A slave (D:5)
  3 sky beasts
  2 black bears
  2 orc warriors
  2 ice beasts
  2 ogres
  4 centaurs
  3 wolves
  4 bullfrogs
  2 wyvern zombies
  9 scorpions
  10 killer bees
  7 howler monkeys
  A crimson imp (D:8)
  6 orc priests
  A bullfrog zombie (D:5)
  A centaur skeleton (D:8)
  4 bullfrog skeletons
  2 hounds (D:8)
  11 orc wizards
  2 iguanas
  5 worker ants
  A centaur simulacrum (D:8)
  2 worker ant zombies (D:7)
  6 gnolls
  16 adders
  A shadow imp (D:5)
  2 white imps (D:8)
  An ooze (D:4)
  2 adder skeletons (D:6)
  5 worms
  4 dart slugs
  6 leopard geckos
  27 orcs
  2 ball pythons
  11 bats
  2 bat zombies (D:1)
  4 giant cockroaches
  10 goblins
  8 hobgoblins
  6 jackals
  2 quokkas
  2 frilled lizards
  2 gnoll zombies (D:2)
  A jackal skeleton (D:5)
  2 jackal zombies
  5 kobolds
  2 leopard gecko skeletons
  A leopard gecko zombie (D:6)
  A quokka zombie (D:6)
  4 rats
  A fungus (D:5)
245 creatures vanquished.

Vanquished Creatures (others)
  An orc (D:10)
  A kobold (D:3)
2 creatures vanquished.

Grand Total: 247 creatures vanquished

Notes
Turn   | Place    | Note
-------+----------+-------------------------------------------
     0 | D:1      | KristoblXynda the Spriggan Enchanter began the quest for the Orb.
     0 | D:1      | Reached XP level 1. HP: 9/9 MP: 5/5
   226 | D:1      | Reached XP level 2. HP: 10/13 MP: 7/7
   345 | D:1      | Learned a level 2 spell: Ensorcelled Hibernation
   442 | D:1      | Reached skill level 5 in Stealth
   884 | D:1      | Reached XP level 3. HP: 14/16 MP: 4/8
  1498 | D:2      | Learned a level 3 spell: Confuse
  1507 | D:2      | Found a sacrificial altar of Ru.
  1508 | D:2      | Noticed a two-headed ogre
  1510 | D:2      | Noticed a hungry ghost
  1518 | D:2      | Found a transporter.
  1567 | D:2      | Found a transporter.
  1811 | D:2      | Found a shattered altar of Ashenzari.
  1821 | D:2      | Became a worshipper of Ashenzari the Shackled
  2221 | D:2      | Noticed an ogre
  2310 | D:2      | Killed an ogre
  2310 | D:2      | Reached skill level 6 in Stealth
  2310 | D:2      | Reached XP level 4. HP: 21/21 MP: 4/11
  2816 | D:2      | Found a basalt altar of Yredelemnul.
  2825 | D:2      | Reached XP level 5. HP: 18/24 MP: 12/12
  2855 | D:3      | Found a radiant altar of Vehumet.
  2867 | D:3      | Reached skill level 5 in Hexes
  3593 | D:3      | Noticed Sigmund
  3911 | D:3      | Killed Sigmund
  3911 | D:3      | Reached skill level 7 in Stealth
  3911 | D:3      | Reached skill level 5 in Spellcasting
  3911 | D:3      | Reached XP level 6. HP: 28/28 MP: 3/14
  4364 | D:3      | Found a glowing silver altar of Zin.
  4364 | D:3      | Found an opulent altar of Gozag.
  4480 | D:3      | Found a white marble altar of Elyvilon.
  4718 | D:3      | Noticed Grinder
  4720 | D:3      | Paralysed by Grinder for 3 turns
  5193 | D:4      | Found a bloodstained altar of Trog.
  5254 | D:4      | Found a shimmering altar of Xom.
  5437 | D:4      | Reached * piety under Ashenzari
  6062 | D:4      | Found an iron altar of Okawaru.
  6228 | D:5      | Entered Level 5 of the Dungeon
  6262 | D:5      | Noticed a slave
  6262 | D:5      | Noticed a slave
  6324 | D:5      | Reached skill level 8 in Stealth
  6324 | D:5      | Reached XP level 7. HP: 14/32 MP: 8/16
  7122 | D:5      | Found the +7 Singing Sword
  7425 | D:5      | Learned a level 3 spell: Dazzling Spray
  7784 | D:5      | Reached skill level 9 in Stealth
  8210 | D:5      | Noticed Pikel
  8219 | D:5      | Killed Pikel
  8219 | D:5      | Reached XP level 8. HP: 36/36 MP: 15/19
  8341 | D:5      | Reached skill level 10 in Stealth
  8822 | D:6      | Found a burning altar of Makhleb.
  9496 | D:6      | Found a staircase to the Ecumenical Temple.
  9498 | D:6      | Reached skill level 5 in Short Blades
  9498 | D:6      | Reached XP level 9. HP: 39/39 MP: 20/22
  9502 | Temple   | Entered the Ecumenical Temple
  9824 | D:7      | Reached ** piety under Ashenzari
 10328 | D:7      | Reached skill level 1 in Evocations
 10613 | D:7      | Noticed galech's ghost (novice GnWn)
 10691 | D:7      | Killed galech's ghost
 10691 | D:7      | Reached skill level 11 in Stealth
 11222 | D:8      | Noticed Erica
 11229 | D:8      | Killed Erica
 11229 | D:8      | Reached skill level 12 in Stealth
 11229 | D:8      | Reached skill level 5 in Evocations
 11229 | D:8      | Reached XP level 10. HP: 44/44 MP: 24/24
 11264 | D:8      | Noticed Tovarisch's ghost (novice OpWz)
 11291 | D:8      | Killed Tovarisch's ghost
 11291 | D:8      | Reached skill level 10 in Hexes
 11676 | D:8      | Noticed Psyche
 11745 | D:8      | Killed Psyche
 11893 | D:8      | Reached skill level 5 in Dodging
 11893 | D:8      | Reached skill level 10 in Spellcasting
 12088 | D:8      | Noticed a death yak
 12104 | D:8      | Noticed a two-headed ogre
 12106 | D:8      | Reached skill level 13 in Stealth
 12170 | D:8      | Killed a two-headed ogre
 12178 | D:8      | Killed a death yak
 12343 | D:8      | Noticed a two-headed ogre
 12357 | D:8      | Killed a two-headed ogre
 12406 | D:8      | Reached XP level 11. HP: 30/47 MP: 19/26
 13716 | D:9      | Reached *** piety under Ashenzari
 14351 | D:9      | Reached skill level 14 in Stealth
 14610 | D:10     | Entered Level 10 of the Dungeon
 14907 | D:10     | Noticed Grum
 15171 | D:10     | Noticed a two-headed ogre
 15183 | D:10     | Killed a two-headed ogre
 15848 | D:10     | Killed Grum
 15993 | D:11     | Found a staircase to the Lair.
 16011 | D:11     | HP: 1/47 [orc wizard/magic dart (5)]
 16016 | D:11     | Killed from afar by an orc wizard

Vault maps used:
D:1:      saegor_arrival_fortress, kennysheep_nondescript
D:2:      lemuel_zombie_altar_yredelemnul, gammafunk_temple_overflow_arena,
          evilmike_ruin_ashenzari
D:3:      grunt_temple_overflow_gold_and_silver, vehumet_crystals,
          old_standard_altar, uniq_sigmund, uniq_grinder
D:4:      okawaru_altar_gauntlet_db, lemuel_round_altar,
          lemuel_coloured_pillars_altar
D:5:      old_forge, first_ration, uniq_pikel
D:6:      kennysheep_mini_moat, minmay_temple_entry_statues_pillars,
          minmay_misc_feat_square
D:8:      serial_ice, serial_ice_e, serial_ice_a, serial_ice_g, serial_ice_m,
          uniq_psyche, uniq_erica
D:10:     uniq_grum
D:11:     minmay_lair_entry_grove, serial_shops, shop, grunt_tengu_nest
Temple:   jpeg_temple_clearing

Skill      XL: |  1  2  3  4  5  6  7  8  9 10 11 |
---------------+----------------------------------+-----
Spellcasting   | 3 4 5 7 8 9 10 11 | 11.5
Hexes          | 4 5 6 7 8 9 11 | 11.7
Stealth        | 5 6 7 8 9 10 12 13 14 | 14.5
Short Blades   | 4 5 |  5.0
Evocations     | 5 |  5.0
Dodging        | 7 8 |  8.8

Action                   |  1- 3 |  4- 6 |  7- 9 | 10-12 || total
-------------------------+-------+-------+-------+-------++-------
Melee: Dagger            |   114 |   200 |   372 |   241 ||   927
 Cast: Ensorcelled Hiber |    19 |    44 |    80 |    71 ||   214
       Confuse           |     2 |    12 |    11 |    27 ||    52
Invok: Curse Item        |       |       |       |     1 ||     1
Evoke: Wand              |       |       |     5 |    15 ||    20
  Use: Scroll            |     3 |     5 |     6 |    11 ||    25
       Potion            |       |     2 |       |       ||     2
 Stab: Sleeping          |    22 |    28 |    62 |    43 ||   155
       Confused          |     1 |     4 |     9 |    12 ||    26
       Distracted        |       |       |       |     2 ||     2
       Paralysed         |       |       |       |     2 ||     2
  Eat: Ration            |       |     3 |     3 |     2 ||     8
Armor: Robe              |    16 |     7 |    18 |     8 ||    49
       Troll leather arm |       |       |       |     4 ||     4
Dodge: Dodged            |   111 |   160 |   208 |   191 ||   670

Table legend:
 A = Spawn XP
 B = Non-spawn XP
 C = Spawn XP percentage of total XP
 D = Spawn monster count
 E = Non-spawn monster count
 F = Spawn count percentage of total count
 G = Total turns spent on level
                    A         B        C        D         E        F      G
               +---------+---------+-------+---------+---------+-------+---------
         Total |       0 |   16523 |   0.0 |       0 |     243 |   0.0 | 16016
               +---------+---------+-------+---------+---------+-------+---------
           D:1 |       0 |      43 |   0.0 |       0 |      22 |   0.0 |  1423
           D:2 |       0 |     154 |   0.0 |       0 |      17 |   0.0 |  1638
           D:3 |       0 |     319 |   0.0 |       0 |      23 |   0.0 |  2068
           D:4 |       0 |      88 |   0.0 |       0 |      12 |   0.0 |  1099
           D:5 |       0 |    1568 |   0.0 |       0 |      36 |   0.0 |  2305
           D:6 |       0 |     756 |   0.0 |       0 |      22 |   0.0 |  1202
           D:7 |       0 |    1836 |   0.0 |       0 |      26 |   0.0 |  1676
           D:8 |       0 |    7289 |   0.0 |       0 |      42 |   0.0 |  2015
           D:9 |       0 |     814 |   0.0 |       0 |      14 |   0.0 |  1095
          D:10 |       0 |    3100 |   0.0 |       0 |      27 |   0.0 |  1367
          D:11 |       0 |     556 |   0.0 |       0 |       2 |   0.0 |    39
               +---------+---------+-------+---------+---------+-------+---------
